AoeStats
← Pedro II

MegaRandom

509558017Analyzed
4v4 RM · 4d ago on Sep 27, 2026· 89m 21s· 8 players
Game mode
Random Map
Map size
Large (8 player)
Population
200
Speed
Normal
Resources
Standard
Victory
Conquest
Starting age
Dark Age
Ending age
Imperial Age
RankedLock teamsTeams togetherTeam positionsShared explorationLock speedFull tech treeHidden civsTurbo modeCheats
Victory
Defeat
🇺🇸 Khmer · United States
946
+9
🇺🇸 Japanese · United States
842
+13
🇳🇱 Gurjaras · Netherlands
696
+18
🇺🇸 Huns · United States
662
+19
🇮🇩 Franks · Indonesia
797
-16
🇨🇳 Byzantines · China
796
-16
🇭🇰 Goths · Hong Kong SAR China
738
-14
🇵🇪 Persians · Peru
718
-13
On2toy
12:20 Feudal Age
13:35 Double-Bit Axe
15:07 Fishing Lines
23:42 Horse Collar
29:32 Castle Age
31:48 Medium Warships
31:29 Gillnets
38:19 Imperial Age
36:26 Wheelbarrow
39:58 Squires
39:20 Pikeman
40:16 Perfusion
40:37 Conscription
40:26 Anarchy
41:32 Guilds
41:52 Coinage
41:38 Halberdier
44:30 Forging
44:20 Scale Mail Armor
54:32 Onager
66:37 Caravan
Pedro II
10:54 Feudal Age
15:18 Loom
23:09 Castle Age
26:40 Fervor
32:53 Imperial Age
30:14 Loom
31:06 Wheelbarrow
30:18 Town Watch
30:41 Murder Holes
31:07 Ballistics
30:58 Masonry
30:33 Horse Collar
31:54 Caravan
32:21 Fletching
32:33 Double-Bit Axe
32:54 Heavy Plow
34:35 Conscription
35:29 Chemistry
34:47 Stone Mining
34:48 Gold Mining
35:32 Crop Rotation
35:10 Bodkin Arrow
35:31 Bow Saw
36:41 Arson
36:57 Squires
36:18 Pikeman
37:37 Hoardings
37:51 Architecture
37:21 Halberdier
38:56 Forging
42:04 Hand Cart
41:50 Town Patrol
42:28 Citadels
56:29 Iron Casting
55:55 Scale Mail Armor
61:05 Chain Mail Armor
64:05 Kamandaran
67:01 Padded Archer Armor
67:46 Thumb Ring
67:02 Crossbowman
69:10 Leather Archer Armor
70:46 Ring Archer Armor
72:46 Blast Furnace
72:17 Plate Mail Armor
Picnic
11:31 Feudal Age
12:28 Gold Mining
12:26 Double-Bit Axe
13:29 Stone Mining
21:29 Wheelbarrow
24:17 Castle Age
23:50 Scale Barding Armor
23:55 Forging
26:10 Hand Cart
26:08 Bow Saw
26:37 Gold Shaft Mining
27:14 Caravan
30:22 Loom
33:31 Imperial Age
33:56 Chain Barding Armor
34:12 Iron Casting
34:58 Conscription
34:39 Chivalry
37:09 Plate Barding Armor
37:35 Blast Furnace
38:02 Husbandry
37:57 Cavalier
39:06 Paladin
64:59 Scale Mail Armor
64:49 Arson
65:27 Squires
64:49 Pikeman
65:27 Elite Throwing Axeman
873108255
2:09 Loom
12:10 Feudal Age
12:16 Man-at-Arms
12:57 Double-Bit Axe
14:04 Wheelbarrow
14:29 Scale Mail Armor
16:57 Forging
16:55 Horse Collar
18:24 Arson
22:28 Castle Age
22:34 Long Swordsman
24:38 Chain Mail Armor
29:49 Hand Cart
30:49 Heavy Plow
32:37 Bow Saw
33:53 Gold Mining
36:16 Iron Casting
40:21 Fletching
43:43 Imperial Age
41:49 Stone Mining
44:37 Gold Shaft Mining
44:41 Stone Shaft Mining
44:04 Two-Handed Swordsman
44:36 Gambesons
46:18 Two-Man Saw
46:11 Champion
47:21 Squires
49:58 Scale Barding Armor
50:50 Plate Mail Armor
50:38 Capped Ram
53:04 Conscription
56:10 Siege Ram
57:17 Caravan
63:00 Chemistry
61:51 Treadmill Crane
66:52 Onager
nel
4:32 Loom
12:01 Feudal Age
12:39 Double-Bit Axe
12:36 Horse Collar
22:28 Castle Age
21:42 Gold Mining
24:31 Husbandry
25:07 Stone Mining
26:48 Gold Shaft Mining
Anchor of Light
10:50 Feudal Age
10:59 Loom
12:15 Double-Bit Axe
13:37 Wheelbarrow
14:18 Fishing Lines
22:28 Castle Age
22:34 Forging
22:24 Scale Mail Armor
23:47 Hand Cart
23:45 Loom
23:46 Town Watch
23:58 Gillnets
24:34 Squires
26:00 Medium Warships
27:13 Treadmill Crane
28:52 Fervor
29:20 Iron Casting
29:00 Chain Mail Armor
32:43 Murder Holes
34:27 Ballistics
34:15 Fletching
40:49 Imperial Age
40:08 Arson
40:53 Herbal Medicine
41:59 Kataparuto
42:15 Conscription
42:36 Chain Mail Armor
45:14 Bodkin Arrow
49:58 Town Patrol
53:24 Elite Samurai
63:43 Pikeman
67:32 Blast Furnace
67:02 Plate Mail Armor
68:19 Sanctity
69:41 Bow Saw
69:34 Halberdier
71:14 Gold Mining
71:14 Stone Mining
72:26 Two-Man Saw
72:50 Hoardings
72:22 Yasama
72:25 Bracer
73:45 Padded Archer Armor
74:40 Gold Shaft Mining
74:38 Masonry
74:34 Siege Engineers
80:44 Leather Archer Armor
80:35 Scale Barding Armor
81:33 Chemistry
80:19 Arrowslits
80:24 Guard Tower
80:44 Fortified Wall
80:45 Careening
81:04 Heavy Warships
80:00 Demolition Ship
82:01 Spies/Treason
85:52 Elite Cannon Galleon
89:14 Keep
89:00 Shipwright
89:18 Keep
89:05 Dry Dock
88:55 Clinker Construction
krook
11:19 Feudal Age
12:27 Horse Collar
14:49 Double-Bit Axe
19:37 Castle Age
25:00 Wheelbarrow
24:15 Loom
24:52 Gold Mining
25:05 Heavy Plow
25:37 Bow Saw
26:57 Stone Mining
32:59 Imperial Age
30:51 Hand Cart
30:21 Town Watch
31:08 Ballistics
31:04 Fortified Wall
33:10 Gold Shaft Mining
33:06 Town Patrol
33:14 Husbandry
33:24 Bloodlines
33:22 Scale Barding Armor
33:13 Fletching
33:46 Double Crossbow
34:07 Conscription
35:01 Chemistry
35:17 Crop Rotation
35:13 Chain Barding Armor
37:09 Bodkin Arrow
37:50 Plate Barding Armor
36:41 Elite Ballista Elephant
39:14 Siege Engineers
39:15 Bracer
67:12 Caravan
82:30 Spies/Treason
85:02 Demolition Ship
87:04 Medium Warships
88:34 Heavy Warships
88:23 Siphons
88:31 Clinker Construction
88:31 Careening
billybobtv
11:12 Feudal Age
10:30 Loom
12:41 Wheelbarrow
13:10 Double-Bit Axe
13:14 Horse Collar
20:35 Castle Age
19:48 Scale Barding Armor
23:21 Hand Cart
25:17 Bow Saw
25:10 Heavy Plow
25:18 Gold Mining
34:30 Chain Barding Armor
34:15 Husbandry
36:52 Imperial Age
35:19 Caravan
39:00 Cavalier
42:22 Paladin
46:52 Capped Ram
54:09 Pikeman
54:50 Squires
54:36 Arson
56:40 Halberdier
64:40 Plate Barding Armor
64:06 Scale Mail Armor
64:06 Padded Archer Armor
64:32 Forging
64:12 Fletching
73:16 Two-Man Saw
88:21 Demolition Ship
Connection lost

Rejoining the realm…

Still unreachable

The connection could not be restored.

Session expired

The server has moved on; the page needs a fresh start.